 Dungeon Crawl Stone Soup version 0.30-a0-782-ge64f9170bb (webtiles) character file.

Game seed: 4994778643180306997

58 theswoord the Twirler (level 3, 0/27 HPs)
             Began as a Demonspawn Gladiator on Feb 19, 2023.
             Slain by a goblin
             ... wielding a +0 club
              (2 damage)
             ... on level 2 of the Dungeon.
             The game lasted 00:01:33 (931 turns).

theswoord the Twirler (Demonspawn Gladiator)         Turns: 931, Time: 00:01:34

Health: 0/27       AC:  4    Str: 16    XL:     3   Next: 75%
Magic:  2/2        EV: 14    Int:  9    God:
Gold:   6          SH:  0    Dex: 14    Spells: 2/2 levels left

rFire   . . .      SeeInvis .    a - +0 quarterstaff
rCold   . . .      Faith    .    (shield currently unavailable)
rNeg    . . .      Spirit   .    b - +0 leather armour
rPois   .          Reflect  .    c - +0 helmet
rElec   .          Harm     .    (no cloak)
rCorr   .          Rampage  .    (no gloves)
Will    .....                    (no boots)
Stlth   +                        (no amulet)
HPRegen 1.04/turn                (no ring)
MPRegen 0.08/turn                (no ring)

@: lethally poisoned (0 -> -2)
A: repulsion field 1, low MP 1, regeneration 1, MP-powered wands
a: no special abilities


You were on level 2 of the Dungeon.
You visited 1 branch of the dungeon, and saw 2 of its levels.

You collected 6 gold pieces.

Inventory:

Hand Weapons
 a - a +0 quarterstaff (weapon)
Missiles
 d - 4 throwing nets (quivered)
 e - a javelin
Armour
 b - a +0 leather armour (worn)
 c - a +0 helmet (worn)
 f - a +1 helmet
Jewellery
 h - a ring of ice
Potions
 g - a potion of degeneration
 j - a potion of mutation


   Skills:
 - Level 2.0 Fighting
 + Level 4.3 Staves
 - Level 1.7 Throwing
 - Level 2.6 Dodging


You had 2 spell levels left.
You didn't know any spells.
Your spell library was empty.

Dungeon Overview and Level Annotations

Branches:
Dungeon (2/15)

Altars:

Annotations:
D:2 Sigmund


Innate Abilities, Weirdness & Mutations

You are surrounded by a mild repulsion field. (EV +2)
Your magical capacity is low. (-10% MP)
Your natural rate of healing is unusually fast.
You expend magic power (3 MP) to strengthen your wands.


Message History

You hit the adder.
You kill the adder!
* * * LOW HITPOINT WARNING * * *
You feel very sick. The goblin closely misses you.
The kobold hits you with a +1 short sword of venom.
* * * LOW HITPOINT WARNING * * *
You are more poisoned.
The adder barely misses you. The giant cockroach closely misses you.
You aren't carrying any scrolls.
It was a potion of heal wounds.
You feel much better.
You feel very sick. The adder barely misses you.
The giant cockroach misses you. The goblin closely misses you.
The kobold hits you with a +1 short sword of venom.
The endoplasm hits you. The adder closely misses you.
The giant cockroach bites you but does no damage.
The goblin attacks as you move away! The goblin closely misses you.
The adder attacks as you move away! The adder misses you.
You feel very sick. The kobold attacks as you move away!
The kobold barely misses you. The endoplasm attacks as you move away!
The endoplasm barely misses you.
You feel very sick. The kobold attacks as you move away!
The kobold hits you with a +1 short sword of venom.
* * * LOW HITPOINT WARNING * * *
You are lethally poisoned!
The adder attacks as you move away! The adder bites you but does no damage.
* * * LOW HITPOINT WARNING * * *
You feel very sick. The adder barely misses you.
* * * LOW HITPOINT WARNING * * *
You feel very sick.
Okay, then.
You aren't carrying any scrolls.
You miss the adder.
* * * LOW HITPOINT WARNING * * *
You feel very sick. The goblin hits you with a +0 club.
You die...

.########.##............###.#.#
..>....##.##.....#......# #.#.# *
######..#.##.#..........# #.#.###
** ##.......#######...###..<...
,*** ###.........####......#.###
.,,** ####....#.........#.#...#
#*,,** ##.#..#####......[.#.#
**,,***##**#....####..##...#.#.#
**,,,,,..,###.@.#.....#.#.#...#
*******#.,*##SgK..##...#).#...
****** ##.####B........##)....
,,,,,* ##....B.J.####.......#.#
,,,,,* *#......J.##,,....$##....
,,,,,***#.....†......##....,*#.##
,,,,,,,,...........###....*,**.#*
,,,,,,**#..........#,,,#..,,,,..*
,,,,,,,,...........#,**##<,**,#..


You could see an adder, an endoplasm, a giant cockroach, a goblin and a kobold.

Vanquished Creatures
  An adder (D:2)
  2 worms
  4 orcs (D:2)
  3 ball pythons
  3 bats
  An endoplasm (D:1)
  A giant cockroach (D:1)
  2 hobgoblins (D:2)
  7 jackals (D:1)
  A quokka (D:1)
  3 goblins (D:1)
  2 kobolds
  3 rats
33 creatures vanquished.

Notes
Turn   | Place    | Note
-------+----------+-------------------------------------------
     0 | D:1      | theswoord the Demonspawn Gladiator began the quest for the
                  | Orb.
     0 | D:1      | Reached XP level 1. HP: 16/16 MP: 1/1
    47 | D:1      | Reached skill level 3 in Staves
   159 | D:1      | Gained mutation: You are surrounded by a mild repulsion
                  | field. (EV +2) [demonic ancestry]
   159 | D:1      | Reached XP level 2. HP: 22/22 MP: 2/2
   682 | D:2      | Noticed Sigmund
   745 | D:2      | Reached XP level 3. HP: 27/27 MP: 3/3
   807 | D:2      | Reached skill level 4 in Staves
   824 | D:2      | Gained mutation: Your natural rate of healing is unusually
                  | fast. [potion of mutation]
   824 | D:2      | Gained mutation: Your magical capacity is low. (-10% MP)
                  | [potion of mutation]
   824 | D:2      | Gained mutation: You expend magic power (3 MP) to
                  | strengthen your wands. [potion of mutation]
   925 | D:2      | HP: 1/27 [kobold/+1 short sword of venom (3)]
   931 | D:2      | Slain by a goblin

Skill      XL: |  1  2  3 |
---------------+----------+-----
Staves         | 3 4 |  4.3
Fighting       | |  2.0
Throwing       | |  1.7
Dodging        | |  2.6

Action                     || total
---------------------------++-------
  Melee: Quarterstaff      ||   103
    Use: Scroll            ||     3
         Potion            ||     2
 Armour: Leather armour    ||    42
  Dodge: Dodged            ||   126

Levels and vault maps discovered:
D:1:      zelgadis_glass_arrival_small, layout_loops_ring, nicolae_wormholes
D:2:      layout_rooms, basic_altar, kennysheep_decorative_pillar, uniq_jessica,
          uniq_sigmund
